 Dungeon Crawl Stone Soup version 0.31-a0-1066-g35875b34c7 (webtiles) character file.

Game seed: 1675134303856694535

1193 Colgate the Grappler (level 8, -6/66 HPs)
             Began as a Demigod Wanderer on Nov 22, 2023.
             Killed from afar by an electric eel (10 damage)
             ... with a bolt of electricity
             ... on level 6 of the Dungeon.
             The game lasted 00:27:48 (10386 turns).

Colgate the Grappler (Demigod Wanderer)            Turns: 10386, Time: 00:27:49

Health: -6/66      AC: 15    Str: 19    XL:     8   Next: 0%
Magic:  15/15      EV:  1    Int: 15    God:
Gold:   278        SH:  4    Dex: 14    Spells: 12/12 levels left

rFire   + .          .
                       - Unarmed
rCold   + . .        c - +0 buckler
rNeg    . . .        e - +0 gold dragon scales
rPois   +            n - +0 helmet
rElec   .            (no cloak)
rCorr   .            i - +0 pair of gloves
SInv    .            (no boots)
Will    .....        x - amulet of magic regeneration Stlth
                     u - ring of poison resistance
HPRegen 0.31/turn    (no ring)
MPRegen 0.54/turn

%: no passive effects
@: hasted, very quick
A: high MP 1, forlorn, divine attributes
a: no special abilities


You were on level 6 of the Dungeon.
You visited 1 branch of the dungeon, and saw 6 of its levels.

You collected 278 gold pieces.

Inventory:

Hand Weapons
 a - a +1 dagger
 s - the +1 short sword of the Mouth {spect, Fragile rElec Str+6 Int+3}
   (You found it on level 3 of the Dungeon)

   Str+6:     It affects your strength (+6).
   Int+3:     It affects your intelligence (+3).
   rElec:     It insulates you from electricity.
   Fragile:   It will be destroyed if unequipped.
Armour
 c - a +0 buckler (worn)
 e - +0 gold dragon scales (worn)
 i - a +0 pair of gloves (worn)
 n - a +0 helmet (worn)
Jewellery
 u - a ring of poison resistance (left hand)
 x - an amulet of magic regeneration (around neck)
Talismans
 y - a beast talisman
Wands
 A - a wand of iceblast (9) {@v2}
 D - a wand of flame (16) (quivered)
Scrolls
 d - 3 scrolls of blinking {@r4}
 f - a scroll of butterflies
 g - a scroll of brand weapon {unknown}
 j - a scroll of immolation {unknown}
 k - 3 scrolls of revelation
 l - a scroll of enchant armour {unknown}
 m - a scroll of silence {unknown}
 o - a scroll of teleportation {unknown}
 p - a scroll of fog {unknown}
 r - a scroll of noise {unknown}
 v - a scroll of fear
 z - a scroll of enchant weapon
 C - a scroll of poison {unknown}
Potions
 b - a potion of brilliance
 h - a potion of enlightenment
 q - 3 potions of haste {@q4}
 t - a potion of curing {unknown}
 w - 4 potions of cancellation {unknown}
 B - a potion of degeneration {unknown}


   Skills:
 - Level 4.0 Fighting
 + Level 2.5 Armour
 - Level 1.0 Dodging
 - Level 1.0 Shields
 - Level 8.0 Unarmed Combat
 - Level 2.6 Spellcasting
 - Level 1.0 Necromancy
 - Level 1.7 Evocations


You had 12 spell levels left.
You didn't know any spells.
Your spell library contained the following spells:

 Spells                   Type           Power      Damage    Failure   Level
 Cigotuvi's Dreadful Rot  Necr/Pois/Air  6%         N/A       100%        2
 Sublimation of Blood     Necr           5%         N/A       100%        2
 Inner Flame              Hex/Fire       2%         N/A       100%        3
 Flame Wave               Conj/Fire      2%         2d4       100%        4
 Sticky Flame             Conj/Fire      2%         2d3       100%        4


Dungeon Overview and Level Annotations

Branches:
Dungeon (6/15)             Temple (0/1) D:4

Shops:
D:5 =

Annotations:
D:5 2 transporters, tish's ghost, amateur OpIE
D:6 exclusion: electric eel


Innate Abilities, Weirdness & Mutations

You have an increased reservoir of magic. (+10% MP)
You shall have no god before yourself.
Your divine heritage dramatically boosts your attributes as you level up.


Message History

You start waiting.
An electric eel is nearby!
The electric eel shoots out a bolt of lightning at you!
The bolt of electricity hits you! The bolt of electricity hits you.
The bolt of electricity hits the electric eel.
The electric eel completely resists.
Things that are here:
a +0 leather armour; a +0 flail You miss the electric eel.
The electric eel shoots out a bolt of lightning at you!
The bolt of electricity hits you! x2
The bolt of electricity hits the electric eel.
The electric eel completely resists.
You miss the electric eel.
The electric eel shoots out a bolt of lightning at you!
The bolt of electricity hits you! The bolt of electricity hits you.
The bolt of electricity hits the electric eel.
The electric eel completely resists.
You are too injured to fight recklessly!
You punch the electric eel!
The electric eel shoots out a bolt of lightning at you!
The bolt of electricity hits you!
* * * LOW HITPOINT WARNING * * *
The bolt of electricity hits you!
* * * LOW HITPOINT WARNING * * *
The bolt of electricity hits the electric eel.
The electric eel completely resists.
Okay, then.
Press: ? - help, v - describe, . - travel
Here: an electric eel (heavily wounded) Some shallow water.
Unknown command.
Unknown command.
Press: ? - help, v - describe, . - travel
Here: an electric eel (heavily wounded) Some shallow water.
It was a potion of haste.
You feel yourself speed up.
The electric eel shoots out a bolt of lightning at you!
The bolt of electricity hits you!
You die...

♣~♣ ♣P~P ~~~~P
♣♣~~~~~ ~~~~~P~
~~~~~~~
########♣S~~~~~~
#......<@♣♣~
#.######.#♣~ #.#
>P #.# .♣♣♣ ...
..♣ ..# #.# ###
#<# ........#
####.####


You could see an electric eel.

Vanquished Creatures
  A steam dragon (D:4)
  An ice beast (D:6)
  An ogre (D:5)
  A phantom (D:4)
  A scorpion (D:4)
  2 howler monkeys (D:5)
  2 hounds (D:5)
  A jelly (D:4)
  A gnoll bouda (D:5)
  A sleepcap (D:5)
  4 iguanas (D:5)
  Robin (D:2)
  8 adders
  4 gnolls (D:5)
  14 river rats (D:5)
  A white imp (D:6)
  4 ufetubi
  A worm (D:3)
  4 dart slugs
  7 orcs
  7 bats
  7 endoplasms
  6 giant cockroaches
  21 goblins
  9 hobgoblins
  10 jackals
  6 kobolds
  7 quokkas (D:5)
  9 ball pythons
  4 frilled lizards
  23 rats
169 creatures vanquished.

Notes
Turn   | Place    | Note
-------+----------+-------------------------------------------
     0 | D:1      | Colgate the Demigod Wanderer began the quest for the Orb.
     0 | D:1      | Colgate set off with the following items: a +0 dagger, a
                  | potion of brilliance, a +0 buckler, a scroll of blinking
                  | {@r4}, a +0 robe, a scroll of butterflies; and the
                  | following spells available to memorise: Sublimation of
                  | Blood, Cigotuvi's Dreadful Rot.
     0 | D:1      | Reached XP level 1. HP: 14/14 MP: 6/6
    70 | D:1      | Reached skill level 4 in Unarmed Combat
   105 | D:1      | Reached XP level 2. HP: 19/20 MP: 8/8
   973 | D:2      | Reached XP level 3. HP: 26/26 MP: 9/9
   975 | D:2      | Noticed Robin
  1083 | D:1      | Reached skill level 5 in Unarmed Combat
  1268 | D:2      | Reached XP level 4. HP: 30/33 MP: 10/10
  1275 | D:2      | Killed Robin
  1716 | D:3      | Identified the +1 short sword of the Mouth {spect, Fragile
                  | rElec Str+6 Int+3}
  2463 | D:4      | Reached skill level 6 in Unarmed Combat
  2565 | D:4      | Reached XP level 5. HP: 12/38 MP: 11/11
  3776 | D:4      | Found a staircase to the Ecumenical Temple.
  3883 | D:4      | Noticed a steam dragon
  3936 | D:4      | Killed a steam dragon
  3937 | D:4      | Reached skill level 7 in Unarmed Combat
  3937 | D:4      | Reached XP level 6. HP: 4/45 MP: 13/13
  5046 | D:5      | Entered Level 5 of the Dungeon
  5047 | D:5      | Found Zoomupec's Jewellery Emporium.
  5340 | D:5      | Noticed tish's ghost (amateur OpIE)
  5341 | D:5      | Found a transporter.
  5344 | D:5      | Found a transporter.
  5485 | D:5      | Reached skill level 8 in Unarmed Combat
  5730 | D:5      | Reached skill level 1 in Evocations
  5730 | D:5      | Reached XP level 7. HP: 37/50 MP: 14/14
  5975 | D:5      | Reached skill level 1 in Fighting
  6823 | D:5      | Reached skill level 1 in Armour
 10220 | D:6      | Reached XP level 8. HP: 66/66 MP: 15/15
 10385 | D:6      | HP: 3/66 [electric eel/bolt of electricity (10)]
 10386 | D:6      | Killed from afar by an electric eel

Illustrated notes

Levels and vault maps discovered:
D:1:      dpeg_arrival_leaves_temple_mockup, layout_basic,
          ebering_ecumenical_altar_abandoned
D:2:      layout_basic, uniq_robin
D:3:      layout_basic, corexii_hall_statues_i
D:4:      layout_basic, minmay_temple_entry_glass, grunt_decor_junction
D:5:      lemuel_ratsnest, layout_basic, grunt_qazlal_sundering,
          gammafunk_temple_overflow_forgotten, gammafunk_ghost_smash,
          serial_shops, nicolae_shop_hallway_stairs
D:6:      layout_loops_ring, serial_glass, glass_columns_a, glass_columns_a,
          serial_bayou_lake_a

Skill      XL: |  1  2  3  4  5  6  7 |
---------------+----------------------+-----
Unarmed Combat | 4 5 6 7 8 |  8.0
Evocations     | 1 |  1.7
Fighting       | 4 |  4.0
Armour         | 2 |  2.5
Dodging        | |  1.0
Shields        | |  1.0
Spellcasting   | |  2.6
Necromancy     | |  1.0

Action                     |  1- 3 |  4- 6 |  7- 9 || total
---------------------------+-------+-------+-------++-------
  Melee: Unarmed           |   130 |   198 |   198 ||   526
         Punch             |     4 |    10 |    10 ||    24
  Evoke: Wand              |       |     5 |     2 ||     7
    Use: Scroll            |       |     3 |     2 ||     5
         Potion            |       |     1 |     1 ||     2
   Stab: Sleeping          |     2 |     3 |       ||     5
         Distracted        |       |       |     1 ||     1
 Armour: Robe              |    92 |    66 |       ||   158
         Skin              |       |    10 |       ||    10
         Ring mail         |       |     8 |       ||     8
         Gold dragon scale |       |    37 |   177 ||   214
         Steam dragon scal |       |     6 |       ||     6
  Dodge: Dodged            |    82 |    58 |    15 ||   155
  Block: Buckler           |     4 |       |    12 ||    16

Table legend: (Time is in decaauts)
 A = Elapsed time spent in this place.
 B = Non-inter-level travel time spent in this place.
 C = Inter-level travel time spent in this place.
 D = Time resting spent in this place.
 E = Time spent auto-exploring this place.
 F = Levels seen in this place.
 G = Mean time per level.
                   A        B        C        D        E       F      G
               +--------+--------+--------+--------+--------+-----+--------+
         Total |  10333 |   9903 |    430 |   4949 |   3447 |   6 | 1722.2 |
       Dungeon |  10333 |   9903 |    430 |   4949 |   3447 |   6 | 1722.2 |
               +--------+--------+--------+--------+--------+-----+--------+

Top non-repeatable levels by time:
     D:5: 4841 daAuts
     D:4: 2523 daAuts
     D:1: 979 daAuts
     D:2: 774 daAuts
     D:3: 756 daAuts
     D:6: 457 daAuts
